Map: Avalon Labs

Players

Ondrmen - Winner!

  • Race: Protoss Protoss

Moriss - Winner!

  • Race: Zerg Zerg

PEKOS

  • Race: Terran Terran

Gracz

  • Race: Terran Terran

VOD

Have the link to the VOD?

Description

Time

  • Played on: March 12, 2016, 12:08 p.m.
  • Length: 21:42
Show
View Real Time Build Order
Export as new Build Order

Ondrmen Protoss - Winner!

Build Orders: Double Forge 

Get SALT Encoding   

  12  0:01  Probe (Chrono Boost)  
  13  0:12  Probe (Chrono Boost)  
  14  0:19  Pylon  
  14  0:24  Probe (Chrono Boost)  
  15  0:39  Assimilator  
  15  0:56  Probe (Chrono Boost)  
  16  1:09  Probe (Chrono Boost)  
  17  1:21  Gateway  
  17  1:23  Nexus  
  17  1:33  Assimilator  
  17  1:35  Probe (Chrono Boost)  
  17  1:37  Assimilator  
  18  1:45  Probe (Chrono Boost)  
  19  1:56  Probe (Chrono Boost)  
  20  2:06  Probe (Chrono Boost)  
  21  2:13  Cybernetics Core  
  21  2:17  Gateway, Probe (Chrono Boost)  
  22  2:27  Probe (Chrono Boost)  
  23  2:35  Probe (Chrono Boost)  
  24  2:38  Probe (Chrono Boost)  
  25  2:45  Probe (Chrono Boost)  
  25  2:50  Stalker  
  28  2:52  Warp Gate (Chrono Boost)  
  28  2:55  Probe  
  29  3:05  Stalker, Probe  
  31  3:12  Pylon  
  32  3:16  Probe  
  32  3:18  Pylon  
  33  3:25  Gateway  
  33  3:26  Probe  
  33  3:27  Probe  
  35  3:37  Stalker, Probe  
  35  3:39  Stalker  
  40  3:47  Probe  
  40  3:48  Forge  
  41  3:58  Probe  
  42  4:08  Stalker, Probe  
  42  4:09  Stalker  
  46  4:12  Stalker  
  49  4:19  Probe  
  49  4:21  Forge  
  50  4:27  Pylon  
  50  4:29  Assimilator, Probe  
  50  4:34  Assimilator  
  51  4:38  Stargate  
  51  4:40  Pylon, Probe  
  52  4:50  Mothership Core  
  52  4:51  Probe  
  52  4:52  Stalker x3  
  61  5:01  Probe  
  61  5:04  Stargate  
  61  5:06  Pylon  
  62  5:12  Probe  
  63  5:16  Twilight Council  
  63  5:22  Probe  
  67  5:36  Oracle (Chrono Boost)  
  67  5:42  Protoss Ground Weapons Level 1  
  67  5:55  Oracle (Chrono Boost)  
  70  6:01  Stalker  
  72  6:21  Blink (Chrono Boost)  
  72  6:28  Protoss Shields Level 1  
  72  6:46  Pylon  
  72  6:47  Pylon  
  72  6:48  Pylon  
  72  6:50  Pylon  
  72  6:53  Pylon  
  69  7:30  Stalker x3  
  67  7:41  Nexus  
  58  7:44  Pylon  
  58  7:46  Pylon  
  58  7:48  Pylon  
  57  8:09  Dark Shrine  
  57  8:10  Robotics Facility  
  54  8:36  Assimilator  
  54  8:39  Assimilator  
  54  8:42  Robotics Facility  
  54  8:43  Robotics Facility  
  54  8:44  Nexus  
  54  8:46  Robotics Facility  
  54  8:47  Assimilator  
  54  8:49  Probe  
  54  8:51  Assimilator  
  55  9:01  Probe  
  52  9:13  Probe  
  52  9:22  Probe  
  53  9:26  Probe  
  54  9:33  Probe  
  54  9:35  Stalker x2  
  54  9:36  Stalker  
  54  9:38  Probe  
  62  9:43  Probe, Void Ray x2  
  71  9:54  Probe  
  71  9:55  Probe  
  73  10:00  Probe  
  73  10:04  Warp Prism, Probe  
  73  10:05  Probe  
  78  10:12  Probe  
  79  10:15  Gateway x2, Probe  
  79  10:16  Probe  
  81  10:24  Probe  
  81  10:26  Probe x2  
  84  10:36  Probe x2  
  84  10:37  Probe  
  84  10:38  Void Ray  
  91  10:47  Probe x2  
  91  10:48  Probe  
  80  10:57  Probe  
  80  10:58  Probe  
  70  11:21  Void Ray x2  
  70  11:22  Probe  
  79  11:31  Dark Templar x2  
  79  11:32  Dark Templar x3, Probe  
  90  11:43  Probe  
  91  11:53  Probe  
  82  12:04  Probe  
  83  12:14  Stalker x5, Probe  
  93  12:20  Void Ray x2  
  102  12:23  Protoss Ground Weapons Level 2  
  102  12:25  Probe  
  103  12:35  Probe  
  103  12:41  Observer  
  105  12:46  Probe  
  105  12:49  Protoss Air Weapons Level 1  
  106  12:55  Stalker  
  106  12:56  Stalker x4  
  116  13:07  Void Ray x2  
  124  13:50  Void Ray x2  
  132  14:05  Pylon  
  132  14:06  Pylon  
  132  14:08  Pylon  
  132  14:10  Pylon  
  132  14:12  Pylon x2  
  132  14:13  Pylon  
  132  14:15  Pylon, Protoss Shields Level 2  
  132  14:19  Pylon  
  132  14:28  Stalker x4  
  140  14:37  Void Ray x2  
  148  15:12  Nexus  
  144  15:44  Void Ray x2  
  144  15:47  Stalker x3  
  144  15:48  Stalker x2  
  158  16:16  Stalker  
  158  16:17  Stalker x3  
  166  16:18  Stalker  
  168  16:32  Void Ray x2  
  176  16:43  Probe  
  177  16:52  Nexus  
  177  16:54  Probe  
  177  16:58  Observer  
  179  17:04  Probe  
  180  17:15  Probe  
  180  17:16  Void Ray x2  
  180  17:20  Protoss Air Armor Level 1  
  180  17:22  Protoss Ground Weapons Level 3  
  189  17:23  Protoss Shields Level 3  
  189  17:25  Probe  
  189  17:29  Stalker  
  192  17:30  Stalker x3  
  192  17:31  Stalker  
  200  17:51  Fleet Beacon  
  200  17:56  Stargate  
  164  19:39  Tempest x3  
Show
View Real Time Build Order
Export as new Build Order

Moriss Zerg - Winner!

Build Orders: Pool First 

Get SALT Encoding   

  12  0:03  Drone  
  13  0:09  Drone  
  14  0:17  Overlord  
  14  0:37  Spawning Pool  
  13  0:55  Drone x2  
  15  1:02  Overlord  
  15  1:26  Zergling x4  
  17  1:45  Extractor  
  16  1:49  Zergling x4  
  18  1:57  Zergling x2  
  19  2:26  Drone x3  
  19  2:28  Queen  
  21  3:00  Drone x2  
  22  3:27  Roach Warren  
  22  3:31  Drone x3  
  24  3:48  Evolution Chamber  
  23  3:54  Extractor  
  22  4:11  Roach x4  
  30  4:27  Hatchery  
  30  4:28  Drone  
  30  4:45  Lair  
  30  4:53  Overlord x4  
  30  5:22  Roach x4  
  38  5:44  Hatchery  
  38  5:46  Roach x4  
  38  5:49  Queen  
  47  5:55  Roach  
  47  5:56  Roach  
  51  6:03  Hydralisk Den  
  50  6:16  Glial Reconstitution  
  50  6:20  Zerg Melee Weapons Level 1  
  50  6:27  Drone x2  
  50  6:28  Drone  
  53  6:48  Hydralisk x4  
  61  6:59  Extractor  
  60  7:03  Extractor  
  60  7:04  Drone x4  
  63  7:21  Muscular Augments  
  62  8:14  Zerg Missile Weapons Level 1  
  62  8:40  Hydralisk x5  
  72  8:47  Overlord x3  
  72  9:33  Extractor, Drone x3  
  72  9:35  Queen  
  76  9:41  Hydralisk x5  
  86  9:58  Spire  
  85  10:01  Drone x3  
  85  10:04  Drone  
  89  10:08  Drone, Zerg Melee Weapons Level 2  
  90  10:24  Extractor  
  90  10:26  Drone x3  
  92  10:39  Infestation Pit  
  87  10:58  Hydralisk  
  87  10:59  Hydralisk x2  
  69  11:24  Mutalisk  
  69  11:25  Mutalisk  
  73  11:26  Mutalisk  
  73  11:29  Mutalisk  
  77  12:02  Zerg Flyer Weapons Level 1  
  77  12:12  Hive  
  77  12:19  Drone x2  
  77  12:20  Drone x3  
  82  12:32  Drone x4  
  86  12:37  Overlord  
  86  12:57  Corruptor  
  86  12:58  Corruptor  
  88  13:01  Mutalisk  
  88  13:02  Mutalisk  
  94  13:13  Overlord x2  
  94  13:19  Infestor  
  94  13:26  Viper  
  99  13:53  Viper  
  102  13:56  Zerg Flyer Armor Level 1  
  102  13:57  Hydralisk x2  
  106  14:08  Overlord  
  106  14:09  Overlord x2  
  106  14:14  Ultralisk Cavern  
  105  14:44  Hatchery  
  104  15:19  Ultralisk x2  
  104  15:20  Ultralisk  
  104  15:21  Ultralisk  
  128  15:57  Mutalisk x3  
  128  15:58  Corruptor x2  
  138  16:04  Drone  
  139  16:22  Overlord x3  
  139  16:35  Corruptor  
  139  16:36  Corruptor  
  140  17:51  Hydralisk x6  
  140  17:52  Hydralisk  
  153  18:40  Ultralisk x2  
  165  18:42  Overlord  
  165  18:43  Overlord x3  
  94  19:35  Ultralisk x2  
  94  19:36  Ultralisk  
  112  19:44  Hydralisk x5  
  122  19:55  Mutalisk x2  
  122  19:56  Mutalisk x3  
  132  20:59  Hydralisk x4  
  132  21:00  Hydralisk  
  142  21:05  Hydralisk  
  142  21:06  Hydralisk x4  
Show
View Real Time Build Order
Export as new Build Order

PEKOS Terran 

Build Orders: MMM Bio 

Get SALT Encoding   

  12  0:01  SCV  
  13  0:13  SCV  
  14  0:17  Supply Depot  
  14  0:25  SCV  
  15  0:39  SCV  
  15  0:40  Barracks  
  16  0:46  Refinery  
  16  0:53  Refinery  
  16  0:54  SCV  
  17  1:06  SCV  
  18  1:18  SCV  
  19  1:28  Supply Depot  
  19  1:31  Barracks Reactor  
  19  1:32  Orbital Command  
  19  1:56  Engineering Bay  
  19  2:00  SCV  
  20  2:12  Command Center, SCV  
  20  2:14  Marine  
  22  2:17  Marine  
  23  2:29  Missile Turret  
  23  2:31  Marine  
  23  2:33  SCV  
  23  2:35  Marine  
  25  2:45  SCV  
  25  2:49  Marine  
  26  2:52  Marine  
  27  3:07  Marine  
  27  3:10  Marine  
  29  3:18  Barracks  
  29  3:26  Factory  
  29  3:28  Marine x2  
  29  3:32  Supply Depot  
  31  3:37  SCV  
  32  3:46  Marine x2  
  34  3:49  SCV  
  35  3:59  Engineering Bay  
  35  4:00  Orbital Command  
  35  4:01  SCV  
  36  4:05  Barracks  
  36  4:11  Starport  
  36  4:12  Factory Tech Lab  
  36  4:13  SCV  
  37  4:19  Barracks Tech Lab  
  37  4:25  SCV  
  37  4:29  Terran Infantry Armor Level 1, Terran Infantry Weapons Level 1  
  37  4:31  SCV  
  39  4:37  SCV  
  40  4:40  Stimpack  
  40  4:43  SCV  
  41  4:49  SCV  
  41  4:51  Starport Reactor  
  42  4:54  Barracks Reactor  
  42  4:55  SCV  
  43  5:00  Supply Depot  
  43  5:01  Supply Depot  
  43  5:02  SCV  
  43  5:04  Refinery  
  43  5:06  Refinery  
  44  5:07  SCV  
  44  5:13  Siege Tank  
  44  5:14  SCV  
  49  5:19  SCV  
  50  5:24  Supply Depot  
  50  5:26  SCV  
  50  5:27  Medivac x2  
  55  5:30  Supply Depot  
  55  5:31  SCV  
  56  5:38  SCV  
  57  5:43  SCV  
  57  5:45  Marine x2  
  57  5:46  Marine x2  
  62  5:50  SCV  
  62  5:54  Armory  
  62  5:55  SCV  
  64  6:02  SCV  
  65  6:05  Supply Depot  
  65  6:06  Siege Tank  
  68  6:23  Medivac x2  
  72  6:36  Command Center  
  72  6:40  Command Center  
  72  6:41  Combat Shields  
  72  6:52  Terran Infantry Weapons Level 2  
  72  6:53  Terran Infantry Armor Level 2  
  72  6:56  Marine  
  72  6:57  Marine  
  72  6:59  Marine x2  
  76  7:14  Marine x2  
  78  7:17  Marine  
  73  7:23  Missile Turret  
  72  7:32  Marine x2  
  74  7:49  Orbital Command  
  66  8:20  Orbital Command  
  66  8:32  Marine x2  
  68  8:34  Marine x2  
  68  8:36  Medivac  
  68  8:37  Medivac  
  68  8:39  Terran Vehicle Weapons Level 1, Orbital Command  
  74  8:50  Marine x2  
  74  8:52  Marine x2  
  78  9:06  Medivac  
  78  9:07  Medivac, Marine  
  78  9:08  Marine  
  80  9:10  Marine x2  
  79  9:18  Concussive Shells, Marauder  
  79  9:21  Terran Infantry Weapons Level 3  
  79  9:23  Terran Infantry Armor Level 3  
  81  9:25  Marine x2  
  81  9:28  Marine x2  
  85  9:38  SCV x3  
  85  9:39  Marauder  
  85  9:43  Marine x2  
  85  9:45  Marine, Orbital Command  
  92  9:46  Marine  
  92  9:50  SCV x2  
  92  9:51  SCV  
  92  9:52  Medivac x2  
  101  10:00  Marauder  
  101  10:01  Marine x2  
  101  10:03  Marine x2  
  107  10:20  Marine x2  
  109  10:21  Marine x2  
  109  10:22  Marauder  
  109  10:26  Barracks  
  113  10:37  Marine  
  113  10:38  Marine  
  113  10:39  Marine  
  115  10:55  Marine x2  
  98  11:13  Marine  
  98  11:14  Barracks  
  98  11:21  Barracks Reactor  
  98  11:23  Marine x2  
  98  11:25  Marine  
  101  11:31  Marine  
  101  11:32  SCV x3  
  106  11:41  Marine x2  
  106  11:42  Marine  
  109  11:44  SCV x2  
  110  11:49  Marine  
  111  11:59  Marine x2  
  111  12:00  Marine  
  114  12:07  Marine  
  115  12:17  Marine x2  
  115  12:18  Marine  
  103  19:23  Marine  
  104  19:24  Marine x7  
  104  19:27  Widow Mine  
  113  19:41  Marine  
  113  19:42  Marine x7  
  121  19:56  Widow Mine  
  121  19:59  Marine x2  
  117  20:00  Marine x4  
  95  20:17  Marine x5  
  95  20:18  Marine  
  75  20:35  Marine  
Show
View Real Time Build Order
Export as new Build Order

Gracz Terran 

Build Orders:  

Get SALT Encoding   

  12  0:02  SCV  
  13  0:14  SCV  
  13  0:17  Refinery  
  14  0:39  Supply Depot  
  14  1:04  Barracks  
  14  1:08  Barracks  
  14  1:14  SCV  
  15  1:26  SCV  
  16  1:48  SCV  
  17  1:55  Marine  
  17  2:01  Barracks Reactor  
  18  2:18  Barracks  
  18  2:19  Refinery  
  18  2:21  SCV  
  19  2:41  Engineering Bay  
  19  2:49  Marine x2  
  18  3:06  SCV  
  19  3:18  SCV  
  20  3:22  Factory  
  20  3:30  SCV  
  21  3:39  Barracks Reactor  
  21  3:40  Barracks Reactor  
  21  3:41  Marine x2  
  23  4:11  Command Center  
  23  4:13  Factory Tech Lab  
  23  4:17  Terran Infantry Weapons Level 1  
  23  4:35  Armory  
  23  4:42  Engineering Bay  
  23  4:51  Armory  
  23  4:58  Supply Depot  
  23  5:16  Starport  
  23  5:20  SCV  
  24  5:32  SCV  
  24  5:33  Refinery  
  24  5:34  Orbital Command  
  25  5:48  Supply Depot  
  25  5:52  Supply Depot  
  25  6:00  SCV  
  26  6:08  Starport Tech Lab  
  26  6:13  Starport  
  26  6:19  Marine x4  
  30  6:35  Cloaking Field  
  30  6:54  Refinery, SCV  
  30  6:56  SCV  
  27  7:06  SCV  
  22  7:08  SCV  
  22  7:18  SCV  
  23  7:41  Viking  
  25  7:50  Orbital Command  
  25  7:52  SCV  
  26  8:04  Marine x2, SCV  
  29  8:09  Medivac  
  31  8:16  SCV  
  32  8:28  SCV  
  33  8:40  Starport Tech Lab, SCV  
  35  8:55  SCV  
  35  8:57  SCV  
  36  9:07  SCV  
  36  9:08  Starport  
  36  9:09  SCV  
  38  9:19  SCV  
  38  9:20  Fusion Core  
  38  9:21  SCV  
  40  9:26  Marine x3  
  40  9:27  Marine  
  44  9:33  Marine x2  
  44  9:36  Terran Infantry Weapons Level 2  
  44  9:37  Terran Infantry Armor Level 1  
  44  9:38  Terran Vehicle Weapons Level 1  
  46  9:44  Marine x3  
  49  9:45  Terran Ship Weapons Level 1  
  49  9:50  Starport Tech Lab  
  49  9:58  Starport  
  49  10:03  Marine x3  
  49  10:04  Marine x3  
  49  10:06  SCV  
  56  10:07  SCV  
  57  10:23  Weapon Refit  
  57  10:38  Supply Depot  
  57  10:46  Marine x5, Supply Depot  
  62  10:59  Marine, Thor  
  62  11:04  Marine  
  69  11:09  Starport Reactor  
  70  11:13  SCV  
  70  11:16  SCV  
  72  11:25  SCV  
  72  11:27  Barracks  
  72  11:28  SCV  
  74  11:33  Sensor Tower  
  74  11:38  SCV  
  75  11:41  SCV  
  76  11:50  SCV  
  76  11:53  SCV  
  76  12:02  SCV  
  76  12:05  SCV  
  78  12:23  Barracks Tech Lab, Supply Depot  
  78  12:24  Supply Depot  
  78  12:44  Marine x2  
  78  12:45  Battlecruiser, Marine x4  
  90  12:53  Supply Depot  
  90  12:56  Supply Depot  
  90  13:01  Liberator x2, Marauder  
  90  13:02  Combat Shields, Marine x2  
  94  13:14  Battlecruiser, Marine x2  
  94  13:18  Marine x2  
  110  13:40  Supply Depot  
  110  13:42  Supply Depot  
  110  13:45  Liberator x2  
  110  14:02  Marine x2  
  118  14:03  Marine x2  
  118  14:04  Battlecruiser  
  126  14:21  Command Center  
  126  14:22  Stimpack  
  126  14:29  Supply Depot  
  126  14:32  Supply Depot  
  126  14:44  Marine x6, Marauder  
  126  14:45  Battlecruiser, Viking  
  142  14:49  Battlecruiser  
  148  15:02  Marine x6  
  148  15:06  Marauder  
  156  15:08  Battlecruiser  
  162  15:16  Liberator x2  
  162  15:20  Marine x6  
  168  15:23  Refinery  
  168  15:27  Marauder  
  170  15:31  Refinery  
  176  15:37  Marine x6  
  182  15:49  Battlecruiser, Marauder  
  190  15:53  Battlecruiser  
  196  15:59  Liberator  
  196  16:09  Marine  
  200  18:41  Orbital Command  
  39  19:19  Marine x7  
  39  19:21  Battlecruiser x2  
  39  19:22  Battlecruiser  
  64  19:30  Medivac x2  
  68  19:37  Marine x7  
  75  19:54  Marine  
  75  19:55  Marine x6  
  81  20:00  Medivac  
  75  20:12  Marine  
  75  20:13  Marine x6  
  73  20:25  Battlecruiser  
  73  20:26  Battlecruiser x2  
  84  20:31  Marine  
  49  21:28  Supply Depot  
  49  21:29  Supply Depot  
Tags
 
Add a new tag
Caveats
  • Supply blocks, unpowered buildings, or Contaminate may cause inaccurate times.
  • Supply counts are checked every 10 seconds.